 Dungeon Crawl Stone Soup version 0.28.0-49-g6dfe1f597d (webtiles) character file.

Game seed: 921515275703813110

16 Exodus22XD the Sneak (level 2, 13/13 HPs)
             Began as a Spriggan Enchanter on May 15, 2022.
             Was a High Priest of Ignis.
             Quit the game on level 1 of the Dungeon.
             The game lasted 00:00:46 (727 turns).

Exodus22XD the Sneak (Spriggan Enchanter)            Turns: 727, Time: 00:00:46

Health: 13/13      AC:  3    Str:  4    XL:     2   Next: 41%
Magic:  6/6        EV: 17    Int: 16    God:    Ignis [*****.]
Gold:   21         SH:  0    Dex: 15    Spells: 6/6 levels left

rFire   + . .      SeeInvis +   a - +1 dagger
rCold   . . .      Faith    .   (no shield)
rNeg    . . .      Spirit   .   b - +0 robe
rPois   .          Reflect  .   (helmet restricted)
rElec   .          Harm     .   f - +0 cloak
rCorr   .          Rampage  .   (gloves unavailable)
Will    .....                   (boots unavailable)
Stlth   +++.......              (no amulet)
HPRegen 0.04/turn               (no ring)
MPRegen 0.10/turn               (no ring)

@: very quick
A: very small, no large weapons, unfitting armour, see invisible, speed 3
a: Renounce Religion, Fiery Armour, Foxfire Swarm, Rising Flame


You were on level 1 of the Dungeon.
You worshipped Ignis.
Ignis was extremely pleased with you.
You visited 1 branch of the dungeon, and saw 1 of its levels.

You collected 21 gold pieces.

Inventory:

Hand Weapons
 a - a +1 dagger (weapon)
 e - a +0 short sword
Armour
 b - a +0 robe (worn)
 f - a +0 cloak (worn)
Scrolls
 d - a scroll of vulnerability {unknown}
 g - a scroll of immolation {unknown}
Potions
 c - a potion of invisibility
 h - a potion of ambrosia {unknown}


   Skills:
 - Level 1.1 Short Blades
 - Level 2.6 Dodging
 + Level 5.9 Stealth
 - Level 2.6 Spellcasting
 - Level 3.6 Hexes


You had 6 spell levels left.
You didn't know any spells.
Your spell library contained the following spells:

 Spells                   Type           Power      Damage    Failure   Level
 Confusing Touch          Hex            13%        N/A       13%         3
 Tukima's Dance           Hex            13%        N/A       13%         3
 Ensorcelled Hibernation  Hex/Ice        14%        N/A       14%         2
 Sting                    Tmut/Pois      8%         1d3       19%         1
 Poisonous Vapours        Pois/Air       4%         N/A       28%         2
 Dazzling Flash           Conj/Hex       14%        N/A       28%         3
 Olgreb's Toxic Radiance  Pois           2%         N/A       88%         4


Dungeon Overview and Level Annotations

Branches:
Dungeon (1/15)

Altars:
Ignis


Innate Abilities, Weirdness & Mutations

You are very small and have problems with some larger weapons.
You are too small for most types of armour.
You have supernaturally acute eyesight. (SInv)
You cover ground extremely quickly. (Speed+++)


Message History

You see here 23 stones.
You enter the shallow water.
Moving in this stuff is going to be slow.
You enter the shallow water.
Moving in this stuff is going to be slow.
Found a faded altar of an unknown god.
No target in view!
You enter the shallow water.
Moving in this stuff is going to be slow.
You enter the shallow water.
Moving in this stuff is going to be slow.
You enter the shallow water.
Moving in this stuff is going to be slow.
There is an open door here.
Found a cloak.
No target in view!
Found a Young Poisoner's Handbook.
No target in view!
Search for what [? for help]? god
There is an open door here.
You see here a +0 dagger.
You enter the shallow water.
Moving in this stuff is going to be slow.
You see here 23 stones.
You enter the shallow water.
Moving in this stuff is going to be slow.
You enter the shallow water.
Moving in this stuff is going to be slow.
There is a faded altar of an unknown god here.
You cannot tell which god this altar belongs to.
Convert to them anyway?
Ignis accepts your prayer! Ignis welcomes you!
Unknown command.
Press < or > to pray at altars.
Unknown command.
Press < or > to pray at altars.
Are you sure you want to abandon this character and quit the game? (Confirm with "yes".)
Okay, then.
Unknown command.
Are you sure you want to abandon this character and quit the game? (Confirm with "yes".)

.....##..# #.#.####.# .....#####
#.#......# .....#.P####
#####.#..####### .....#..P..###
#.....#....#...#
.....#.≈≈≈≈≈P####.....######.#.##
.....≈≈...P.≈.PP##...........#...
.....#(P.###P≈P.P##############.#
.....#PP## ###≈≈P# #.# ..(..#P###
###@# #.# .....###.# #_# #.#
..÷.##'#.# #8# #.. .........#####
### #############. .....P≈≈PPPPP#
#...#...#...#. .#≈.PP≈≈P♣≈≈.#
#.......#.<.'. PP≈≈≈≈≈♣≈≈≈P≈####
#...#...#...## PP≈≈≈♣≈P≈..P.....
##.###.###.## ≈♣♣♣≈PP.>....####
#.# #.# #.#


There were no monsters in sight!

Vanquished Creatures
  A dart slug (D:1)
  2 ball pythons (D:1)
  5 goblins (D:1)
  2 hobgoblins (D:1)
  3 bats (D:1)
13 creatures vanquished.

Vanquished Creatures (others)
  3 plants (D:1)
3 creatures vanquished.

Grand Total: 16 creatures vanquished

Notes
Turn   | Place    | Note
-------+----------+-------------------------------------------
     0 | D:1      | Exodus22XD the Spriggan Enchanter began the quest for the
                  | Orb.
     0 | D:1      | Reached XP level 1. HP: 9/9 MP: 5/5
   114 | D:1      | Reached skill level 5 in Stealth
   277 | D:1      | Reached XP level 2. HP: 11/13 MP: 6/6
   656 | D:1      | Found a faded altar of an unknown god.
   725 | D:1      | Prayed at the altar of an unknown god.
   725 | D:1      | Became a worshipper of Ignis, the Dying Flame
   727 | D:1      | Quit the game

Illustrated notes

Levels and vault maps discovered:
D:1:      minmay_arrival_nine_rooms, layout_basic,
          shapermc_ecumenical_altar_hornbeckon, serial_bayou_lagoon_a,
          minmay_misc_feat_alley, minmay_statues_item

Skill      XL: |  1 |
---------------+----+-----
Stealth        | 5 |  5.9
Short Blades   | |  1.1
Dodging        | |  2.6
Spellcasting   | |  2.6
Hexes          | |  3.6

Action                   || total
-------------------------++-------
Melee: Dagger            ||    62
       Punch             ||     3
 Stab: Sleeping          ||     1
Armor: Robe              ||    16
Dodge: Dodged            ||    69
